 Dungeon Crawl Stone Soup version 0.27-a0-1066-g29160eaed2 (webtiles) character file.

Game seed: 4688156037723544171

49 Bapho the Poker (level 3, -4/29 HPs)
             Began as a Merfolk Abyssal Knight on Apr 24, 2021.
             Was a Follower of Lugonu.
             Slain by a gnoll
             ... wielding a +0 flail
              (13 damage)
             ... on level 4 of the Dungeon.
             The game lasted 00:02:46 (1366 turns).

Bapho the Poker (Merfolk Abyssal Knight)            Turns: 1366, Time: 00:02:46

Health: -4/29      AC:  3    Str: 13    XL:     3   Next: 75%
Magic:  4/4        EV: 12    Int: 11    God:    Lugonu [*.....]
Gold:   57         SH:  0    Dex: 13    Spells: 2/2 levels left

rFire    . . .     SeeInvis .   a - +1 spear (venom)
rCold    . . .     Faith    .   (no shield)
rNeg     . . .     Spirit   .   b - +0 leather armour
rPois    .         Reflect  .   (no helmet)
rElec    .         Harm     .   (no cloak)
rCorr    .         Rampage  .   (no gloves)
Will     .....                  (no boots)
Stlth    +.........             (no amulet)
HPRegen  0.09/turn              (no ring)
MPRegen  0.09/turn              (no ring)

@: no status effects
A: (nimble swimmer 2), mertail
a: Renounce Religion, Depart the Abyss


You were on level 4 of the Dungeon.
You worshipped Lugonu.
Lugonu was aware of your devotion.
You visited 1 branch of the dungeon, and saw 3 of its levels.
You visited the Abyss 1 time.

You collected 57 gold pieces.

Inventory:

Hand Weapons
 a - a +1 spear of venom (weapon)
Missiles
 c - 28 stones (quivered)
 j - 6 boomerangs of dispersal
Armour
 b - a +0 leather armour (worn)
 f - a +0 kite shield
 k - a scarf of shadows
Potions
 e - a potion of curing
 g - a potion of heal wounds {unknown}


   Skills:
 - Level 3.2 Fighting
 + Level 5.3 Polearms
 - Level 0.6 Armour
 - Level 2.6 Dodging
 + Level 1.3 Shields
 - Level 2.0 Invocations


You had 2 spell levels left.
You didn't know any spells.
Your spell library was empty.

Dungeon Overview and Level Annotations

Branches:
Dungeon (2/15)

Altars:

Shops:
D:1 (


Innate Abilities, Weirdness & Mutations

((You are quick and stealthy near water. (Stealth+, EV+, Speed+++)))
Your lower body shifts to a powerful aquatic tail in water.


Message History

A gnoll comes into view. It is wielding a +0 flail.
You hit the goblin.
The goblin is poisoned.
The goblin is severely wounded.
You kill the goblin!
Lugonu accepts your kill.
A gnoll shaman comes into view. It is wielding a +0 club.
The gnoll shaman calls upon its god to speed up something.
The quokka skeleton bites you.
No target in view!
You reach to attack!
You hit the gnoll.
The gnoll is poisoned.
The gnoll is lightly wounded.
The gnoll barely misses you.
You reach to attack!
You closely miss the gnoll.
The gnoll is lightly wounded.
The gnoll closely misses you.
You reach to attack!
You barely miss the gnoll.
The gnoll is lightly wounded.
You reach to attack!
You hit the gnoll.
The gnoll is severely wounded.
The gnoll hits you but does no damage.
You reach to attack!
You closely miss the gnoll.
The gnoll is almost dead.
You hear the slow rusting of a distant drain.
The gnoll hits you from afar with a +0 spear!
You kill the gnoll!
Lugonu accepts your kill.
You are too injured to fight recklessly!
You are too injured to fight recklessly!
You hit the gnoll.
The gnoll is lightly wounded.
The gnoll drinks a potion.
The gnoll seems to grow stronger.
The gnoll shaman calls upon its god to speed up something.
You hit the gnoll.
The gnoll is lightly wounded.
The gnoll hits you with a +0 flail!
* * * LOW HITPOINT WARNING * * *
The gnoll completely misses you. The gnoll misses you.
It was a potion of curing.
You feel better. The gnoll hits you with a +0 flail! x2
You die...

#......... ......gg
......# .!.g.# ##+###
.g.. #....# ###Z# #....#
#...# #....#
####.##############....#
....gg.g)g.g..Zg@.'....#
.....##############....#
.....# #....# .....#
#....# .....# #....#
.....# ###### .....#
######


You could see a gnoll shaman, 2 gnolls and a quokka skeleton.

Vanquished Creatures
  A hound skeleton (D:4)
  A gnoll (D:4)
  2 dart slugs (D:1)
  An endoplasm (D:1)
  A giant cockroach (D:1)
  3 hobgoblins (D:1)
  A quokka (D:1)
  A ball python (D:1)
  2 bats (D:1)
  A frilled lizard (D:1)
  3 goblins
  4 kobolds
  2 rats (D:1)
23 creatures vanquished.

Notes
Turn   | Place    | Note
-------+----------+-------------------------------------------
     0 | Abyss:1  | Bapho the Merfolk Abyssal Knight began the quest for the
                  | Orb.
     0 | Abyss:1  | Reached XP level 1. HP: 18/18 MP: 2/2
    51 | Abyss:1  | Noticed an orange demon
    52 | D:1      | Escaped the Abyss
   315 | D:1      | Reached skill level 4 in Polearms
   315 | D:1      | Reached XP level 2. HP: 15/24 MP: 3/3
   495 | D:1      | Found Soor's Weapon Shop.
   582 | D:1      | Reached * piety under Lugonu
   873 | D:1      | Found a faded altar of an unknown god.
  1248 | D:2      | Reached XP level 3. HP: 24/29 MP: 4/4
  1306 | D:2      | You fall into a shaft and drop 2 floors!
  1315 | D:4      | Reached skill level 5 in Polearms
  1315 | D:4      | Reached skill level 1 in Shields
  1366 | D:4      | Slain by a gnoll

Illustrated notes

Levels and vault maps discovered:
D:1:      lemuel_arrival_cross, layout_loops_ring,
          shapermc_ecumenical_altar_starsandcircs, serial_shops, shop
D:2:      layout_loops_cross, grunt_decor_fettered, chequers_decorated_corner
D:4:      layout_basic, serial_shops, nicolae_shop_window_shopping,
          gup_sewer_entry_glass, kennysheep_nondescript, minmay_close_crescents,
          uniq_edmund, uniq_ijyb, uniq_natasha

Skill      XL: |  1  2  3 |
---------------+----------+-----
Polearms       | 4 5 |  5.3
Shields        | 1 |  1.3
Fighting       | |  3.2
Armour         | |  0.6
Dodging        | |  2.6
Invocations    | |  2.0

Action                   || total
-------------------------++-------
Melee: Spear             ||    86
Throw: Stone             ||    37
Invok: Depart the Abyss  ||     1
  Use: Scroll            ||     3
       Potion            ||     1
Armor: Leather armour    ||    11
Dodge: Dodged            ||    29

Table legend: (Time is in decaauts)
 A = Elapsed time spent in this place.
 B = Non-inter-level travel time spent in this place.
 C = Inter-level travel time spent in this place.
 D = Time resting spent in this place.
 E = Time spent auto-exploring this place.
 F = Levels seen in this place.
 G = Mean time per level.
                   A        B        C        D        E       F      G
               +--------+--------+--------+--------+--------+-----+--------+
         Total |   1359 |   1339 |     20 |      0 |   1123 |   4 |  339.8 |
       Dungeon |   1307 |   1287 |     20 |      0 |   1072 |   3 |  435.7 |
         Abyss |     52 |     52 |      0 |      0 |     51 |   1 |   52.0 |
               +--------+--------+--------+--------+--------+-----+--------+

Top non-repeatable levels by time:
     D:1: 1181 daAuts
     D:2: 67 daAuts
     D:4: 58 daAuts
 Abyss:1: 52 daAuts
